 Dungeon Crawl Stone Soup version 0.30-a0-1016-gfb0d676c02 (webtiles) character file.

Game seed: 17920479589260012123

1834080 bakla the Skullcrusher (level 24, 182/182 (193) HPs)
             Began as a Demonspawn Fighter on Apr 6, 2023.
             Was the Champion of Ru.
             Escaped with the Orb
             ... and 3 runes on Apr 7, 2023!
             The game lasted 03:32:54 (56139 turns).

bakla the Skullcrusher (Demonspawn Fighter)        Turns: 56139, Time: 03:32:55

HP:   182/182 (193) AC: 50    Str: 25    XL:     24   Next: 67%
MP:   8/8           EV: 15    Int: 13    God:    Ru [******]
Gold: 4693          SH:  0    Dex: 13    Spells: 24/27 levels left

rFire   + + .      SeeInvis .    a - +5 demon whip "Spellbinder" {antimagic, disrupt, Will+}
rCold   + . .      Faith    .    (no shield)
rNeg    . . .      Spirit   .    T - +12 gold dragon scales
rPois   +          Reflect  .    K - +2 helmet {rF+}
rElec   +          Rampage  ∞    h - +2 cloak
rCorr   +                        (gloves unavailable)
Will    ++++.                    x - +3 pair of seven-league boots {Rampage+∞} Stlth
                                 k - amulet of regeneration
HPRegen 1.30/turn                X - +4 ring of slaying
MPRegen 0.11/turn                D - ring of Hospitality {Will+ rCorr AC+4}

@: studying 3 skills, drained
A: demonic guardian 3, frail 1, torment resistance 1, inability to read after
injury 2, no stealth, no hexes magic, no ice magic, no summoning magic,
inexperienced 1, sturdy frame 2, demonic magic 2, demonic willpower, demonic
touch 3, electricity resistance
0: Orb of Zot
}: 3/15 runes: decaying, serpentine, silver
a: Renounce Religion, Draw Out Power, Power Leap, Apocalypse


You escaped.
You worshipped Ru.
Ru was exalted by your worship.
You visited 11 branches of the dungeon, and saw 51 of its levels.
You also visited: Sewer, Gauntlet and Wizlab.

You collected 10347 gold pieces.
You spent 5654 gold pieces at shops.

Inventory:

Hand Weapons
 a - the +5 demon whip "Spellbinder" (weapon) {antimagic, disrupt, Will+}
   (You bought it in a shop on level 2 of the Orcish Mines)

   Will:      It increases your willpower.
 C - a +7 vampiric demon whip
Missiles
 S - 19 curare-tipped darts (quivered)
Armour
 h - a +2 cloak (worn)
 p - the +1 scale mail of Newolic {+Inv Regen+}
   (You found it in a wizard's laboratory)

   +Inv:      It lets you turn invisible.
   Regen:     It increases your rate of health regeneration.
 s - a +2 helmet of see invisible
 x - the +3 pair of seven-league boots (worn) {Rampage+∞}
   (You acquired it on level 1 of the Elven Halls)

   Rampage+∞: When moving toward enemies, its wearer moves as far as possible.
 K - a +2 helmet of fire resistance (worn)
 T - +12 gold dragon scales (worn)
 U - the +2 pair of slick slippers {slick, slippery, EV+4}
   (You bought it in a shop on level 3 of the Dungeon)

   Slick:     Its wearer cannot be constricted, engulfed, netted or webbed.
   Slippery:  It slips away from damaging melee attacks, pulling the attacker
   onward.
   EV:        It affects your evasion (+4).
Jewellery
 k - an amulet of regeneration (around neck)
 u - a ring of willpower
 w - a +6 ring of strength
 D - the ring of Hospitality (right hand) {Will+ rCorr AC+4}
   (You found it on level 5 of the Dungeon)

   [ring of protection]

   AC:        It affects your AC (+4).
   rCorr:     It protects you from acid and corrosion.
   Will:      It increases your willpower.
 G - the ring "Pofoq" {Drain Fly rElec MP+9 Slay+2}
   (You found it on level 10 of the Dungeon)

   [ring of flight]

   Slay:      It affects your accuracy & damage with ranged weapons and melee
   (+2).
   rElec:     It insulates you from electricity.
   MP:        It affects your magic capacity (+9).
   Fly:       It grants you flight.
   Drain:     It drains your maximum health when unequipped.
 H - a ring of protection from fire
 J - a ring of protection from cold
 X - a +4 ring of slaying (left hand)
Wands
 t - a wand of polymorph (5)
 y - a wand of paralysis (39)
 z - a wand of quicksilver (21)
 A - a wand of digging (5)
 I - a wand of mindburst (18)
 R - a wand of roots (22)
Scrolls
 c - 4 scrolls of silence
 d - 10 scrolls of amnesia
 f - 13 scrolls of fog
 m - 2 scrolls of summoning
 o - 8 scrolls of noise
 B - 6 scrolls of immolation
 F - 2 scrolls of brand weapon
 L - 12 scrolls of teleportation
 O - 7 scrolls of fear
 Q - 6 scrolls of magic mapping
 W - 11 scrolls of poison
 Z - 5 scrolls of blinking
Potions
 b - 2 potions of haste
 e - 4 potions of resistance
 g - 10 potions of curing
 i - 10 potions of lignification
 j - 6 potions of ambrosia
 l - 19 potions of brilliance
 n - 4 potions of heal wounds
 r - 12 potions of mutation
 v - 6 potions of magic
 E - 8 potions of flight
 M - 3 potions of berserk rage
 N - 4 potions of invisibility
 P - 4 potions of cancellation
 V - 3 potions of might
Miscellaneous
 q - a phantom mirror
 Y - a phial of floods


   Skills:
 + Level 23.6 Fighting
 O Level 27 Maces & Flails
 - Level 9.4 Polearms
 - Level 19.0 Armour
 - Level 19.0 Dodging
 - Level 4.0 Shields
 - Level 2.0 Spellcasting


You had 24 spell levels left.
You knew the following spells:

 Your Spells              Type           Power      Damage    Failure   Level
a - Slow                  Hex            4%         N/A       86%         1
b - Wereblood             Tmut           1%         N/A       95%         2

Your spell library contained the following spells:

 Spells                   Type           Power      Damage    Failure   Level
 Shock                    Conj/Air       4%         1d3       86%         1
 Sting                    Tmut/Pois      4%         1d3       86%         1
 Blink                    Tloc           2%         N/A       95%         2
 Cigotuvi's Dreadful Rot  Necr/Pois/Air  2%         N/A       95%         2
 Lesser Beckoning         Tloc           2%         N/A       95%         2
 Momentum Strike          Conj/Tloc      2%         3d8       95%         2
 Passwall                 Tmut/Erth      0%         N/A       95%         2
 Poisonous Vapours        Pois/Air       2%         N/A       95%         2
 Static Discharge         Conj/Air       2%         2-3/arc   95%         2
 Sublimation of Blood     Necr           1%         N/A       95%         2
 Gell's Gravitas          Tloc           1%         N/A       99%         3
 Ignite Poison            Fire/Tmut/Pois 1%         N/A       99%         3
 Mephitic Cloud           Conj/Pois/Air  1%         N/A       99%         3
 Spider Form              Tmut/Pois      1%         N/A       99%         3
 Stone Arrow              Conj/Erth      2%         3d7       99%         3
 Swiftness                Air            1%         N/A       99%         3
 Teleport Other           Tloc           1%         N/A       99%         3
 Vampiric Draining        Necr           1%         2d6       99%         3
 Volatile Blastmotes      Fire/Tloc      2%         2d10      99%         3
 Airstrike                Air            0%         2d(1-17)  100%        4
 Animate Dead             Necr           1%         N/A       100%        4
 Dispel Undead            Necr           1%         3d6       100%        4
 Iskenderun's Mystic Bla  Conj/Tloc      1%         2d3       100%        4
 Manifold Assault         Tloc           1%         N/A       100%        4
 Passage of Golubria      Tloc           1%         N/A       100%        4
 Petrify                  Tmut/Erth      1%         N/A       100%        4
 Agony                    Necr           1%         N/A       100%        5
 Irradiate                Conj/Tmut      0%         3d11      100%        5
 Lee's Rapid Deconstruct  Erth           0%         3d4*      100%        5
 Death Channel            Necr           0%         N/A       100%        6
 Dispersal                Tloc           0%         N/A       100%        6
 Starburst                Conj/Fire      0%         6d3       100%        6
 Statue Form              Tmut/Erth      0%         N/A       100%        6
 Orb of Destruction       Conj           0%         9d5       100%        7
 Storm Form               Tmut/Air       0%         N/A       100%        7
 Borgnjor's Revivificati  Necr           0%         N/A       100%        8
 Disjunction              Tloc           0%         N/A       100%        8
 Infestation              Necr           0%         N/A       100%        8
 Lehudib's Crystal Spear  Conj/Erth      0%         10d2      100%        8
 Maxwell's Capacitive Co  Air            0%         ∞         100%        8
 Death's Door             Necr           0%         N/A       100%        9
 Summon Small Mammal      Summ           Unusable   N/A       N/A         1
 Ensorcelled Hibernation  Hex/Ice        Unusable   N/A       N/A         2
 Call Canine Familiar     Summ           Unusable   N/A       N/A         3
 Confusing Touch          Hex            Unusable   N/A       N/A         3
 Dazzling Flash           Conj/Hex       Unusable   N/A       N/A         3
 Hailstorm                Conj/Ice       Unusable   3d3       N/A         3
 Summon Guardian Golem    Hex/Summ       Unusable   N/A       N/A         3
 Anguish                  Hex/Necr       Unusable   N/A       N/A         4
 Animate Armour           Summ/Erth      Unusable   N/A       N/A         4
 Ice Form                 Ice/Tmut       Unusable   N/A       N/A         4
 Summon Lightning Spire   Summ/Air       Unusable   N/A       N/A         4
 Freezing Cloud           Conj/Ice/Air   Unusable   6-21      N/A         5
 Metabolic Englaciation   Hex/Ice        Unusable   N/A       N/A         5
 Silence                  Hex/Air        Unusable   N/A       N/A         5
 Simulacrum               Ice/Necr       Unusable   N/A       N/A         6
 Haunt                    Necr/Summ      Unusable   N/A       N/A         7
 Ozocubu's Refrigeration  Ice            Unusable   4d7       N/A         7
 Spellforged Servitor     Conj/Summ      Unusable   N/A       N/A         7

Dungeon Overview and Level Annotations

Branches:
Dungeon (15/15)            Temple (1/1) D:6            Lair (5/5) D:9
  Swamp (4/4) Lair:2        Snake (4/4) Lair:3        Slime (0/5) Lair:4
    Orc (2/2) D:10            Elf (3/3) Orc:2        Vaults (5/5) D:13
  Crypt (3/3) Vaults:3       Tomb (0/3) Crypt:3      Depths (4/4) D:15
    Zot (5/5) Depths:4      Sewer (visited)          WizLab (visited)
Gauntlet (visited)

Altars:
Ashenzari
Cheibriados
Dithmenos
Fedhas
Gozag
Hepliaklqana
Kikubaaqudgha
Makhleb
Nemelex Xobeh
Okawaru
Qazlal
Ru
Sif Muna
Trog
Uskayaw
Vehumet
Wu Jian
Xom
Yredelemnul
Jiyva
Lugonu

Shops:
D:1 *   D:3 [   D:7 *   Orc:2 ([*:   Elf:1 ?   Elf:3 :(   Vaults:2 (
Vaults:3 (   Vaults:5 !=?[!?   Depths:3 *

Portals:
Hell: Depths:1 Depths:2 Depths:3 Depths:4
Abyss: Depths:1 Depths:3 Depths:4*
Pandemonium: Depths:2 Depths:3 Depths:4
Ziggurat: Depths:2

Annotations:
D:10 exclusion: ice statue
D:14 exclusions: obsidian statue and orange crystal statue
Lair:5 exclusion: obsidian statue
Snake:1 Roxanne
Elf:2 3 runed translucent doors
Depths:1 4 transporters
Depths:2 1 runed translucent door, exclusions: daeva and 3 more exclusions, Kiwen's ghost, master GrEE
Depths:3 2 transporters, Futuid's ghost, veteran MfSu
Depths:4 2 transporters, Tutea's ghost, adept TrMo
Zot:2 exclusion: 2 upstairs
Zot:3 exclusion: 2 upstairs
Zot:4 exclusion: 2 upstairs, Parghit


Innate Abilities, Weirdness & Mutations

A powerful demonic guardian rushes to your aid.
You are frail. (-10% HP)
You are resistant to unholy torment.
You sometimes lose the ability to read scrolls when taking damage.
You cannot be stealthy.
You cannot study or cast Hexes magic.
You cannot study or cast Ice magic.
You cannot study or cast Summoning magic.
You are somewhat inexperienced. (-1 XL)
Your movements are less encumbered by armour. (ER -4)
Spells you cast may paralyse nearby enemies.
You punish those that try to bend your will. (Will+)
Your touch may irresistibly damage your foes and sap their willpower.
You are resistant to electric shocks. (rElec)


Message History

The cacodemon's magic leaks into the air.
Sand pours from the cacodemon's claws.
The cacodemon is moderately wounded.
You thrash the cacodemon!!
The cacodemon's magic leaks into the air.
The cacodemon pauses, visibly distraught.
The cacodemon completely resists.
You punch the cacodemon.
The cacodemon is heavily wounded.
The cacodemon hits you but does no damage.
The cacodemon misses you.
You whack the cacodemon!
The cacodemon's magic leaks into the air.
The cacodemon shivers with cold.
The cacodemon completely resists.
The cacodemon is severely wounded.
You whack the cacodemon!
The cacodemon's magic leaks into the air.
The cacodemon is caught in a fiery explosion.
The cacodemon is almost dead.
The cacodemon hits you but does no damage.
The cacodemon closely misses you.
You thrash the cacodemon!!
You kill the cacodemon!
The sixfirhy closely misses you.
The sixfirhy hits you but does no damage.
You feel your dexterity returning. The sixfirhy attacks as you move away!
The sixfirhy closely misses you. x2
The sixfirhy hits you but does no damage.
The sixfirhy is stunned by your conviction and fails to attack.
The sixfirhy hits you but does no damage.
You whack the sixfirhy!
The sixfirhy is heavily wounded.
You whack the sixfirhy!
You touch the sixfirhy!
You sap its willpower!
The sixfirhy is severely wounded.
The sixfirhy is stunned by your conviction and fails to attack.
The sixfirhy hits you but does no damage.
You thrash the sixfirhy!!
You kill the sixfirhy!
There is a staircase leading out of the dungeon here.
You can't go down here!
You have escaped!

....#...####.##########
#.....#.
.....[................#
#.##....
#####...####..........#
#†####..
##.#####..........# #.#
#.# #....##......♣...#
#.# #.#
####.##.....8....# #.#
#.# #.###.........#
#.####.# #.#
#.........# #.......
#.#
#...@.....########...
#.#
#.........#.......>..
#.#
####.######.#######.#
#.# #.# #.# #.# #.#
#.## #.# #.# #.#
#..#####.## #.. #.#
#.....##..# ### #######
#.# ####..###.# ......#
#.# #.###.#


There were no monsters in sight!

Vanquished Creatures
  A pandemonium lord (Zot:3)
  6 dread liches
  Khufu (Vaults:3)
  2 ancient liches (Zot:5)
  3 orbs of fire
  3 royal mummies
  Boris (Depths:4)
  Josephina (Crypt:1)
  Margery (Crypt:2)
  4 Killer Klowns
  Xtahua (Crypt:2)
  A curse toe (Crypt:3)
  Nikola (Snake:3)
  Jory (Vaults:2)
  6 golden dragons
  4 electric golems
  Jorgrun (D:15)
  23 Orb Guardians
  Zenata (Elf:3)
  3 titans
  11 tentacled monstrosities
  A lich (Crypt:3)
  Asterion (Depths:1)
  A walking divine tome (Depths:4)
  A walking frostbound tome (Depths:3)
  2 deep elf master archers (Elf:3)
  13 ancient champions
  3 quicksilver dragons
  8 sphinxes
  A death cob (Zot:5)
  6 tengu reavers
  Agnes (Snake:1)
  5 shadow dragons
  6 storm dragons
  A fenstrider witch (Swamp:2)
  3 draconian monks
  7 nagarajas
  2 draconian knights (Zot:5)
  8 fire giants
  4 revenants
  9 frost giants
  13 deep elf sorcerers
  A draconian scorcher (Zot:5)
  4 ghost moths
  16 vault wardens
  An angel (WizLab)
  4 orc warlords
  A cacodemon (D:1)
  A curse skull (Crypt:1)
  2 ghouls (Crypt:2)
  17 ironbound preservers
  A spriggan defender (Depths:3)
  9 deep elf elementalists (Elf:3)
  A reaper (Crypt:2)
  2 draconian annihilators
  15 stone giants
  25 very ugly things
  A green draconian (Zot:5)
  8 war gargoyles
  4 vampire knights
  8 ironbound thunderhulks
  3 black draconians
  3 spark wasps
  4 deep elf demonologists
  Nessos (D:14)
  Azrael (Elf:1)
  3 eleionomae
  2 white draconians (Depths:4)
  7 deep elf annihilators
  4 red draconians (Zot:5)
  7 dire elephants
  11 bunyips
  2 eidola (Crypt:2)
  3 purple draconians
  A yellow draconian (Zot:5)
  2 deep elf death magi
  A minotaur (Gauntlet)
  4 crystal guardians
  8 ettins
  13 yaktaur captains
  7 jiangshi
  3 shambling mangroves (Swamp:4)
  9 fire dragons
  7 ice dragons
  11 deep elf high priests
  21 hydras
  A spriggan air mage (Depths:4)
  3 spriggan zombies
  6 great orbs of eyes
  3 rakshasas
  10 peacekeepers
  A fenstrider witch zombie (Crypt:2)
  7 salamander tyrants
  33 vault guards
  A catoblepas (Lair:2)
  10 anacondas
  13 centaur warriors
  11 ironbound frosthearts
  2 spriggan skeletons
  7 boulder beetles
  17 dancing weapons
  2 ogre magi (Vaults:5)
  7 death knights
  4 deep troll shamans
  7 alligators
  13 two-headed ogres
  Erica (D:9)
  8 vampire magi
  4 deep troll earth magi
  A fenstrider witch skeleton (Crypt:2)
  5 hell hogs (Depths:1)
  6 tengu warriors
  A thrashing horror (Gauntlet)
  10 naga warriors
  A spectral dire elephant (Lair:5)
  10 naga sharpshooters
  4 soul eaters
  3 spriggan berserkers
  10 death yaks
  13 deep elf knights
  9 hell knights
  A sun demon (Depths:1)
  16 spriggans
  9 shock serpents
  4 orc high priests
  5 shadow wraiths
  A spectral death yak (Lair:5)
  3 sixfirhies
  A bunyip zombie (Crypt:3)
  A death drake (Swamp:1)
  8 iron trolls
  6 salamander mystics
  A fire crab (shapeshifter) (D:13)
  2 goliath frogs
  42 deep trolls
  41 skeletal warriors
  6 flayed ghosts
  A storm dragon skeleton (Crypt:1)
  A spectral anaconda (Lair:5)
  4 glowing orange brains
  4 spriggan druids
  7 wizards
  12 swamp dragons
  2 spriggan simulacra
  9 phantasmal warriors
  7 bog bodies
  A shadow dragon zombie (Crypt:3)
  4 deep elf archers
  8 naga ritualists
  9 harpies
  Pikel (D:8)
  16 lindwurms
  An anaconda skeleton (Crypt:2)
  9 necromancers
  6 cyclopes
  20 deep elf pyromancers
  14 deep elf zephyrmancers
  25 ironbound convokers
  9 orc knights
  2 frost giant zombies
  A wolf spider zombie (Crypt:1)
  38 ugly things
  An oklob plant (Gauntlet)
  4 orc sorcerers (Orc:2)
  18 mana vipers
  A faun (shapeshifter) (Vaults:5)
  3 will-o-the-wisps
  A wolf spider (D:15)
  An iron dragon skeleton (Crypt:3)
  5 moths of wrath
  9 salamanders
  29 elephants
  13 manticores
  4 dire elephant zombies
  A shock serpent zombie (Crypt:2)
  A black mamba (shapeshifter) (Vaults:5)
  2 stone giant skeletons
  A frost giant skeleton (Crypt:1)
  17 naga magi
  35 black mambas
  3 molten gargoyles (WizLab)
  A guardian serpent (Snake:4)
  Joseph (D:9)
  An orange demon (D:15)
  6 smoke demons
  22 vault sentinels
  A centaur skeleton (Crypt:2)
  6 cane toads
  6 gargoyles
  A dire elephant skeleton (Lair:5)
  A catoblepas zombie (Crypt:1)
  A shock serpent skeleton (Crypt:2)
  6 komodo dragons
  16 yaktaurs
  An efreet (D:15)
  3 kobold demonologists
  A guardian mummy (Crypt:3)
  A rime drake (Lair:1)
  An iron troll zombie (Crypt:2)
  7 freezing wraiths
  2 ice devils
  A swamp worm zombie (Crypt:2)
  Psyche (D:8)
  2 tengu conjurers
  An unseen horror skeleton (Crypt:3)
  A harpy zombie (Crypt:2)
  5 trolls
  A black draconian skeleton (Crypt:3)
  A polar bear (Lair:4)
  8 tyrant leeches
  A bloated husk (Swamp:1)
  2 harpy skeletons
  16 hornets
  2 spectral elephants (Lair:5)
  3 air elementals
  A stone giant simulacrum (Vaults:3)
  5 flying skulls (Crypt:2)
  An ettin skeleton (Crypt:3)
  A black mamba zombie (Crypt:2)
  A shadow (D:11)
  A dire elephant simulacrum (Lair:5)
  3 vampires (Crypt:3)
  A merfolk skeleton (Crypt:2)
  15 slime creatures
  8 fire elementals
  6 water elementals
  A wyvern (Depths:2)
  2 hogs (Snake:1)
  A basilisk (Lair:5)
  8 wraiths
  58 yaks
  A yak (shapeshifter) (Vaults:5)
  3 vampire mosquitoes (D:13)
  A black mamba skeleton (Crypt:1)
  2 steam dragons (D:8)
  A redback simulacrum (D:15)
  2 death yak simulacra (Lair:5)
  A wind drake skeleton (Crypt:2)
  A glowing shapeshifter zombie (Crypt:2)
  Menkaure (D:4)
  3 wargs
  2 harpy simulacra (Crypt:1)
  A merfolk zombie (Crypt:3)
  Edmund (D:4)
  A fire bat zombie (Crypt:2)
  2 swamp worms (shapeshifter)
  46 nagas
  16 swamp worms
  3 naga zombies (Crypt:3)
  6 water moccasins
  2 floating eyes (Depths:4)
  4 acid dragons
  7 hell hounds
  A two-headed ogre skeleton (Crypt:1)
  32 orc warriors
  A cane toad skeleton (Crypt:3)
  8 swamp drakes
  An ice beast (D:6)
  A black bear (D:6)
  An ettin simulacrum (Crypt:1)
  A merfolk simulacrum (Crypt:1)
  3 elephant zombies
  5 centaurs
  An ice dragon simulacrum (Crypt:1)
  2 elephant skeletons
  5 wolves (Lair:2)
  8 ogres
  A lemure (D:8)
  A snapping turtle skeleton (Crypt:1)
  A blink frog skeleton (Crypt:2)
  8 kobold brigands
  7 bullfrogs
  A necrophage (Crypt:2)
  3 scorpions
  5 cane toad simulacra (Lair:5)
  7 earth elementals
  A small abomination (Gauntlet)
  A water moccasin zombie (Crypt:2)
  9 wights
  An elephant simulacrum (Lair:5)
  8 killer bees
  2 howler monkeys (D:7)
  A raiju skeleton (Crypt:3)
  4 hounds
  A centaur zombie (Crypt:3)
  6 jellies
  27 orc priests
  3 gnoll boudas
  Ijyb (D:4)
  A sleepcap (D:6)
  3 iguanas
  34 orc wizards
  2 lightning spires (WizLab)
  A hell rat (Depths:2)
  A boggart skeleton (Crypt:3)
  A tengu zombie (Crypt:1)
  11 mummies (Crypt:3)
  Robin (D:4)
  17 gnolls
  2 river rats (D:3)
  9 adders
  A shadow imp (D:7)
  2 white imps (D:6)
  3 ufetubi
  2 worms
  2 dart slugs
  78 orcs
  12 bats
  7 endoplasms
  4 giant cockroaches
  15 goblins
  6 hobgoblins
  9 jackals
  7 quokkas
  7 ball pythons
  A ball python skeleton (Crypt:1)
  3 frilled lizards
  21 kobolds
  5 rats
1969 creatures vanquished.

Vanquished Creatures (collateral kills)
  A dread lich (Zot:5)
  An ancient lich (Zot:5)
  Mara (Vaults:4)
  A golden dragon (Depths:4)
  A titan (Vaults:5)
  A deep elf blademaster (Elf:3)
  A walking divine tome (Depths:3)
  Frances (Snake:1)
  A sphinx (Vaults:4)
  Kirke (Snake:1)
  2 storm dragons
  A vault warden (Vaults:3)
  Aizul (Snake:1)
  2 ironbound preservers (Vaults:5)
  A stone giant (Vaults:5)
  An ironbound thunderhulk (Vaults:4)
  2 jiangshi (Crypt:2)
  A yaktaur captain (Vaults:4)
  An ice dragon (Depths:4)
  2 vault guards
  A peacekeeper (WizLab)
  2 hydras (Depths:2)
  A naga warrior (Snake:2)
  A dancing weapon (Elf:1)
  A deep elf knight (Elf:1)
  2 iron trolls (Depths:1)
  4 skeletal warriors (Crypt:3)
  A shadow wraith (Crypt:3)
  2 flayed ghosts
  4 deep trolls
  A naga ritualist (Snake:1)
  2 deep elf archers
  An orc knight (Vaults:4)
  A draconian zombie (Crypt:2)
  A phantasmal warrior (Vaults:5)
  2 mana vipers (Snake:1)
  2 cyclopes
  An ugly thing (Depths:1)
  2 naga magi (Snake:1)
  4 black mambas
  A vault sentinel (Vaults:4)
  A hellion (Zot:3)
  A yaktaur (Vaults:3)
  2 yaks (Lair:3)
  A wraith (Vaults:3)
  4 hogs (Snake:1)
  2 nagas
  An orc warrior (Orc:2)
  An orc priest (Orc:2)
  A hell rat (Depths:2)
  4 orcs
  A kobold (Vaults:4)
80 creatures vanquished.

Vanquished Creatures (others)
  An Orb Guardian (Zot:5)
  Donald (Swamp:4)
  A frost giant (Depths:3)
  A deep elf sorcerer (Vaults:5)
  A draconian annihilator (Zot:5)
  2 ironbound thunderhulks
  A vampire knight (Crypt:2)
  A dire elephant (Vaults:3)
  A jiangshi (Crypt:1)
  A hydra (Swamp:3)
  A vault guard (Vaults:5)
  An ogre mage (Vaults:3)
  An alligator (Swamp:3)
  A death yak (Lair:3)
  A deep troll shaman (Depths:2)
  A deep elf knight (Elf:2)
  3 deep trolls
  A spriggan druid (Swamp:2)
  A swamp dragon (Swamp:4)
  2 deep elf archers (Elf:2)
  2 deep elf pyromancers
  A deep elf zephyrmancer (Elf:2)
  A black mamba (Snake:3)
  A vault sentinel (Vaults:2)
  An unseen horror (shapeshifter) (D:15)
  3 yaktaurs
  A bloated husk (Swamp:1)
  An elephant skeleton (Lair:5)
  A necrophage (Crypt:2)
  An orc priest (Orc:1)
  A basilisk skeleton (Crypt:1)
  A killer bee zombie (D:8)
  A mummy (Crypt:3)
  An orc (Orc:2)
  A kobold zombie (D:6)
  A bush (Lair:4)
  6 foxfires
  12 fungi
  34 plants
  17 withered plants (Lair:5)
112 creatures vanquished.

Grand Total: 2161 creatures vanquished

Notes
Turn   | Place    | Note
-------+----------+-------------------------------------------
     0 | D:1      | bakla the Demonspawn Fighter began the quest for the Orb.
     0 | D:1      | Reached XP level 1. HP: 18/18 MP: 1/1
   221 | D:1      | Gained mutation: Spells you cast may paralyse adjacent
                  | enemies. [demonic ancestry]
   221 | D:1      | Reached XP level 2. HP: 21/24 MP: 2/2
   438 | D:1      | Found Wilehan's Assorted Antiques.
   984 | D:2      | Gained mutation: A weak demonic guardian rushes to your
                  | aid. [demonic ancestry]
   984 | D:2      | Reached XP level 3. HP: 29/29 MP: 3/3
  1048 | D:2      | Found an opulent altar of Gozag.
  1442 | D:2      | Reached XP level 4. HP: 35/35 MP: 4/4
  1701 | D:3      | Found a glowing drain.
  1714 | Sewer    | Entered a sewer
  1763 | Sewer    | Noticed a water moccasin
  1773 | Sewer    | a water moccasin changed into a ball python
  1922 | D:3      | Gained mutation: Spells you cast may paralyse nearby
                  | enemies. [demonic ancestry]
  1922 | D:3      | Reached XP level 5. HP: 42/42 MP: 5/5
  2015 | D:3      | Found Resadep's Armour Shop.
  2164 | D:4      | Noticed Menkaure
  2168 | D:4      | Killed Menkaure
  2182 | D:4      | Reached XP level 6. HP: 48/48 MP: 6/6
  2193 | D:4      | Learned a level 1 spell: Slow
  2281 | D:4      | Noticed Robin
  2311 | D:4      | Killed Robin
  2431 | D:4      | Noticed Ijyb
  2450 | D:4      | Killed Ijyb
  2596 | D:4      | an iguana changed into a glowing shapeshifter
  2596 | D:4      | Noticed a glowing shapeshifter (glowing shapeshifter)
  2596 | D:4      | a glowing shapeshifter changed into a swamp dragon
  2596 | D:4      | Noticed a swamp dragon (glowing shapeshifter)
  2600 | D:4      | a swamp dragon changed into a snapping turtle
  2600 | D:4      | Noticed a snapping turtle (glowing shapeshifter)
  2607 | D:4      | a snapping turtle changed into a swamp worm
  2607 | D:4      | Noticed a swamp worm (glowing shapeshifter)
  2610 | D:4      | Killed a swamp worm
  2611 | D:4      | Reached XP level 7. HP: 52/55 MP: 7/7
  2694 | D:4      | Reached skill level 5 in Polearms
  2780 | D:4      | Noticed Edmund
  2794 | D:4      | Killed Edmund
  3008 | D:5      | Entered Level 5 of the Dungeon
  3082 | D:5      | Reached skill level 5 in Fighting
  3327 | D:5      | Identified the ring of Hospitality {Will+ rCorr AC+4}
  3498 | D:5      | Reached XP level 8. HP: 62/62 MP: 8/8
  3542 | D:5      | Reached skill level 5 in Armour
  4110 | D:6      | Reached XP level 9. HP: 70/70 MP: 9/9
  4140 | D:6      | Found a staircase to the Ecumenical Temple.
  4212 | Temple   | Entered the Ecumenical Temple
  4212 | Temple   | Found a transporter.
  4212 | Temple   | Found a transporter.
  4214 | Temple   | Found a transporter.
  4214 | Temple   | Found a transporter.
  4267 | Temple   | Became a worshipper of Ru the Awakened
  4588 | D:6      | Found a shadowy altar of Dithmenos.
  4616 | D:6      | Found a snail-covered altar of Cheibriados.
  5181 | D:7      | Gained mutation: You occasionally lose the ability to read
                  | scrolls when taking damage. [Ru sacrifice]
  5181 | D:7      | Gained mutation: You sometimes lose the ability to read
                  | scrolls when taking damage. [Ru sacrifice]
  5181 | D:7      | Reached * piety under Ru
  5330 | D:7      | Found Cappyalow's Fire Supplies.
  5356 | D:7      | Bought a +0 helmet of fire resistance for 126 gold pieces
  5749 | D:8      | Gained mutation: Your touch may inflict minor irresistible
                  | damage on your foes. [demonic ancestry]
  5749 | D:8      | Reached XP level 10. HP: 79/79 MP: 10/10
  5787 | D:8      | Noticed Psyche
  5802 | D:8      | Killed Psyche
  5803 | D:8      | Reached skill level 1 in Maces & Flails
  5869 | D:8      | Noticed Pikel
  5886 | D:8      | Killed Pikel
  5887 | D:8      | Reached skill level 3 in Maces & Flails
  6062 | D:8      | Reached skill level 4 in Maces & Flails
  6096 | D:8      | Found an opulent altar of Gozag.
  6459 | D:9      | Noticed Erica
  6622 | D:9      | Reached skill level 5 in Maces & Flails
  6743 | D:9      | Reached skill level 6 in Maces & Flails
  6796 | D:9      | Killed Erica
  6797 | D:9      | Reached skill level 7 in Maces & Flails
  6850 | D:9      | Noticed a two-headed ogre
  6858 | D:9      | Killed a two-headed ogre
  6859 | D:9      | Reached skill level 8 in Maces & Flails
  6859 | D:9      | Reached XP level 11. HP: 84/86 MP: 11/11
  7059 | D:9      | Found a staircase to the Lair.
  7135 | D:9      | Noticed Joseph
  7149 | D:9      | Killed Joseph
  7354 | D:3      | Bought the +2 pair of slick slippers {slick, slippery,
                  | EV+4} for 421 gold pieces
  7354 | D:3      | Found the +2 pair of slick slippers {slick, slippery, EV+4}
  7571 | D:10     | Entered Level 10 of the Dungeon
  7740 | D:10     | Gained mutation: You are resistant to electric shocks.
                  | (rElec) [potion of mutation]
  7807 | D:10     | Noticed a two-headed ogre
  7817 | D:10     | Killed a two-headed ogre
  7818 | D:10     | Reached skill level 9 in Maces & Flails
  7824 | D:10     | Gained mutation: You are frail. (-10% HP) [Ru sacrifice]
  7824 | D:10     | Reached ** piety under Ru
  7824 | D:10     | Reached *** piety under Ru
  7895 | D:10     | Identified the ring "Pofoq" {Drain Fly rElec MP+9 Slay+2}
  8013 | D:10     | Found a staircase to the Orcish Mines.
  8072 | D:10     | Found a shimmering altar of Xom.
  8124 | D:10     | Noticed a two-headed ogre
  8133 | D:10     | Killed a two-headed ogre
  8349 | D:11     | Noticed a two-headed ogre
  8361 | D:11     | Killed a two-headed ogre
  8362 | D:11     | Reached skill level 10 in Maces & Flails
  8492 | D:11     | Noticed a two-headed ogre
  8499 | D:11     | Killed a two-headed ogre
  8500 | D:11     | Reached skill level 1 in Dodging
  8539 | D:11     | Identified the +1 robe of Beogh's Esteem {Contam rElec
                  | Will+ Int+3}
  9040 | Lair:1   | Entered Level 1 of the Lair of Beasts
  9249 | Lair:1   | Found a sparkling altar of Nemelex Xobeh.
  9856 | D:1      | Bought a scroll labelled IFACVY XIMALO for 26 gold pieces
  9857 | D:1      | Bought a scroll of poison for 104 gold pieces
 10064 | Lair:2   | Gained mutation: Your touch may inflict irresistible damage
                  | on your foes. [demonic ancestry]
 10064 | Lair:2   | Reached XP level 12. HP: 75/84 MP: 12/12
 10149 | Lair:2   | Noticed a catoblepas
 10413 | Lair:2   | Killed a catoblepas
 10457 | Lair:2   | Found a staircase to the Swamp.
 10480 | Lair:2   | Reached skill level 11 in Maces & Flails
 11205 | Lair:3   | Noticed a five-headed hydra
 11230 | Lair:2   | Gained mutation: You cannot study or cast Ice magic. [Ru
                  | sacrifice]
 11230 | Lair:2   | Gained mutation: You cannot study or cast Hexes magic. [Ru
                  | sacrifice]
 11230 | Lair:2   | Gained mutation: You cannot study or cast Summoning magic.
                  | [Ru sacrifice]
 11230 | Lair:2   | Reached **** piety under Ru
 11258 | Lair:2   | Reached skill level 5 in Dodging
 11520 | Lair:3   | Noticed a death yak
 11520 | Lair:3   | Noticed a death yak
 11523 | Lair:3   | Noticed a death yak
 11527 | Lair:3   | Noticed a death yak
 11531 | Lair:3   | Killed a five-headed hydra
 11533 | Lair:3   | Noticed a death yak
 11535 | Lair:3   | Killed a death yak
 11536 | Lair:3   | Reached skill level 10 in Fighting
 11540 | Lair:3   | Killed a death yak
 11540 | Lair:3   | Noticed a death yak
 11552 | Lair:3   | Killed a death yak
 11566 | Lair:3   | Killed a death yak
 11584 | Lair:3   | Killed a death yak
 11585 | Lair:3   | Gained mutation: Your touch may irresistibly damage your
                  | foes and sap their willpower. [demonic ancestry]
 11585 | Lair:3   | Reached XP level 13. HP: 51/92 MP: 13/13
 11831 | Lair:3   | Found a staircase to the Snake Pit.
 11908 | Lair:3   | You are sucked into a shaft and drop 2 floors!
 11908 | Lair:5   | Entered Level 5 of the Lair of Beasts
 12024 | Lair:4   | Reached skill level 12 in Maces & Flails
 12101 | Lair:4   | Found a gate leading to a gauntlet.
 12114 | Gauntlet | Entered a Gauntlet
 12114 | Gauntlet | Found a transporter.
 12114 | Gauntlet | Found a transporter.
 12130 | Gauntlet | Found a transporter.
 12131 | Gauntlet | Found a transporter.
 12141 | Gauntlet | Found a transporter.
 12143 | Gauntlet | Found a transporter.
 12151 | Gauntlet | Found a transporter.
 12168 | Gauntlet | Found a runed translucent door.
 12171 | Gauntlet | Found a transporter.
 12174 | Gauntlet | Found a runed translucent door.
 12188 | Gauntlet | Found a transporter.
 12192 | Gauntlet | Found a transporter.
 12203 | Gauntlet | Found a transporter.
 12204 | Gauntlet | Found a transporter.
 12276 | Gauntlet | Found a runed translucent door.
 12392 | Gauntlet | Reached skill level 10 in Armour
 12400 | Gauntlet | Identified the amulet "Faps" {Reflect +Inv Dex+2 SH+5}
 12548 | Gauntlet | Noticed a minotaur
 12557 | Gauntlet | Killed a minotaur
 13309 | Lair:4   | Identified a scroll of acquirement
 13316 | Lair:4   | Acquired 1208 gold pieces
 13487 | Lair:4   | Found a viscous altar of Jiyva.
 13488 | Lair:4   | Found a staircase to the Slime Pits.
 13513 | Lair:4   | Gained mutation: You are somewhat inexperienced. (-1 XL)
                  | [Ru sacrifice]
 13513 | Lair:4   | Reached XP level 12. HP: 90/90 MP: 21/21
 13513 | Lair:4   | Reached ***** piety under Ru
 14140 | Lair:5   | Noticed a dire elephant
 14140 | Lair:5   | Noticed a dire elephant
 14176 | Lair:5   | Killed a dire elephant
 14272 | Lair:5   | Found the +27 heavy crossbow "Sniper" {heavy, Acc+∞ SInv}
 14398 | Lair:5   | Reached XP level 13. HP: 74/96 MP: 13/13
 16630 | D:13     | Found a gate to the Vaults.
 17176 | D:14     | Identified the +2 ring mail of Nonn {Rampage *Slow rC+++
                  | Dex-2}
 17559 | D:14     | Reached skill level 10 in Dodging
 17576 | D:14     | Found a radiant altar of Vehumet.
 17791 | D:14     | Noticed Nessos
 17802 | D:14     | Killed Nessos
 18248 | D:15     | Entered Level 15 of the Dungeon
 18339 | D:15     | Found a sparkling altar of Nemelex Xobeh.
 18505 | D:15     | Reached XP level 14. HP: 86/106 MP: 14/14
 18939 | D:15     | Found a staircase to the Depths.
 19183 | D:15     | Noticed Jorgrun
 19197 | D:15     | Killed Jorgrun
 19341 | Orc:1    | Entered Level 1 of the Orcish Mines
 19526 | Orc:2    | Entered Level 2 of the Orcish Mines
 19639 | Orc:2    | Found a staircase to the Elven Halls.
 21108 | Orc:2    | Found Riopn's General Store.
 21116 | Orc:2    | Found Urops's Book Shop.
 21118 | Orc:2    | Found Gaothri's Antique Armour Boutique.
 21118 | Orc:2    | Found Louhax's Antique Weapon Boutique.
 21135 | Orc:2    | Bought the +5 demon whip "Spellbinder" {antimagic, disrupt,
                  | Will+} for 2065 gold pieces
 21135 | Orc:2    | Found the +5 demon whip "Spellbinder" {antimagic, disrupt,
                  | Will+}
 21141 | Orc:2    | Bought a bronze plate armour for 672 gold pieces
 21141 | Orc:2    | Identified the +0 plate armour "Buucewacw" {Will+ Str+2
                  | Dex+4} (You bought it in a shop on level 2 of the Orcish
                  | Mines)
 21149 | Orc:2    | Bought a scroll of enchant armour for 90 gold pieces
 21155 | Orc:2    | Gained mutation: You cannot be stealthy. [Ru sacrifice]
 21155 | Orc:2    | Reached ****** piety under Ru
 21359 | Swamp:1  | Entered Level 1 of the Swamp
 21389 | Swamp:1  | Reached skill level 15 in Fighting
 21403 | Swamp:1  | Reached skill level 1 in Spellcasting
 21592 | Snake:1  | Entered Level 1 of the Snake Pit
 21592 | Snake:1  | Noticed Aizul
 21676 | Snake:1  | Identified Roxanne's Secrets of Teratogeny
 21676 | Snake:1  | Noticed Roxanne
 21682 | Snake:1  | Noticed Kirke
 21684 | Snake:1  | Killed Aizul
 21700 | Snake:1  | Killed Kirke
 21711 | Snake:1  | Noticed Frances
 21725 | Snake:1  | Killed Frances
 21973 | Snake:1  | Reached XP level 15. HP: 107/115 MP: 9/18
 22017 | Snake:1  | Found a runed translucent gate.
 22017 | Snake:1  | Found a runed translucent gate.
 22017 | Snake:1  | Found a runed translucent gate.
 22079 | Snake:1  | You are sucked into a shaft and drop 1 floor!
 22208 | Snake:1  | Noticed Agnes
 22227 | Snake:1  | Killed Agnes
 23412 | Snake:2  | Identified the +1 scale mail of Honesty {Int+2}
 23480 | Snake:2  | Identified the +5 dagger of Xeiros {antimagic, Int+2}
 23856 | Snake:3  | Noticed Nikola
 23889 | Snake:3  | Killed Nikola
 24828 | Snake:4  | Entered Level 4 of the Snake Pit
 24946 | Snake:4  | Reached skill level 15 in Armour
 25199 | Snake:4  | Gained mutation: A demonic guardian rushes to your aid.
                  | [demonic ancestry]
 25199 | Snake:4  | Reached XP level 16. HP: 65/126 MP: 8/19
 26334 | Snake:4  | Identified the +5 plate armour "Fiata" {rPois}
 26731 | Snake:4  | Got a serpentine rune of Zot
 28665 | Swamp:3  | Noticed a tentacled monstrosity
 28675 | Swamp:3  | Killed a tentacled monstrosity
 29062 | Swamp:4  | Entered Level 4 of the Swamp
 29173 | Swamp:4  | Gained mutation: Your movements are slightly less
                  | encumbered by armour. (ER -2) [demonic ancestry]
 29173 | Swamp:4  | Reached XP level 17. HP: 105/137 MP: 9/20
 29303 | Swamp:4  | Noticed a tentacled monstrosity
 29311 | Swamp:4  | Noticed Donald
 29320 | Swamp:4  | Killed a tentacled monstrosity
 29323 | Swamp:4  | Killed Donald
 29536 | Swamp:4  | Got a decaying rune of Zot
 29995 | Elf:1    | Entered Level 1 of the Elven Halls
 29996 | Elf:1    | Paralysed by an air elemental for 1 turns
 30003 | Elf:1    | Paralysed by an air elemental for 1 turns
 30243 | Elf:1    | Found Mituvoig's Magic Scroll Shoppe.
 30251 | Elf:1    | Bought a scroll of acquirement for 728 gold pieces
 30251 | Elf:1    | Acquired the +3 pair of seven-league boots {Rampage+∞}
 30251 | Elf:1    | Found the +3 pair of seven-league boots {Rampage+∞}
 30555 | Elf:1    | Noticed Azrael
 30561 | Elf:1    | Killed Azrael
 31123 | Elf:2    | Found a runed translucent gate.
 31123 | Elf:2    | Found a runed translucent gate.
 31123 | Elf:2    | Found a runed translucent gate.
 31359 | Elf:2    | Reached skill level 13 in Maces & Flails
 31580 | Elf:3    | Entered Level 3 of the Elven Halls
 31664 | Elf:3    | Found Movos's Antique Weapon Emporium.
 31664 | Elf:3    | Found Geczoo's Book Shoppe.
 31812 | Elf:3    | Paralysed by an air elemental for 1 turns
 32168 | Elf:3    | Noticed Zenata
 32345 | Elf:3    | Gained mutation: A powerful demonic guardian rushes to your
                  | aid. [demonic ancestry]
 32345 | Elf:3    | Reached XP level 18. HP: 140/141 MP: 10/21
 32618 | Elf:3    | Identified the ring "Ewky" {Wiz rPois rF+ rC-}
 32638 | Elf:3    | Identified the +0 triple sword "Xiclown" {spect, rC++ rN+
                  | MP+9 Dex+3}
 33019 | Elf:3    | Killed Zenata
 33020 | Elf:3    | Reached skill level 14 in Maces & Flails
 33206 | Elf:3    | Identified the +6 shortbow of Discretion {speed, SInv}
 33213 | Elf:3    | Identified the +0 ring mail of Servitude {+Blink rElec rN+}
 33314 | Elf:3    | Identified the +1 rapier of the Three Knaves {freeze,
                  | rElec}
 33481 | Elf:3    | Got the Incunabulum of the Spider and Oromancy
 33746 | Vaults:1 | Entered Level 1 of the Vaults
 34009 | Vaults:1 | Acquired a manual of Dodging
 34173 | Vaults:1 | Reached skill level 15 in Dodging
 35325 | Vaults:2 | Found a magical portal.
 35334 | WizLab   | Entered Maxwell's Workshop
 35642 | WizLab   | Identified the +1 scale mail of Newolic {+Inv Regen+}
 35679 | WizLab   | Gained mutation: Your movements are less encumbered by
                  | armour. (ER -4) [demonic ancestry]
 35679 | WizLab   | Reached XP level 19. HP: 126/152 MP: 10/22
 35770 | WizLab   | Identified the ring of Gain {Ice *Slow rElec Will++ Dex+2}
 35771 | WizLab   | Identified the ring "Ucroh" {Fire Int+3}
 35782 | WizLab   | Identified the +4 mace of Ziyreapn {antimagic, rPois rF++
                  | rCorr Dex-3}
 35893 | WizLab   | Reached skill level 15 in Maces & Flails
 36708 | Vaults:2 | Found Xoorun's Weapon Shoppe.
 36986 | Vaults:2 | You are sucked into a shaft and drop 1 floor!
 37529 | Vaults:3 | Noticed Jory
 37699 | Vaults:2 | Killed Jory
 38151 | Vaults:3 | Got Sif Muna's Quarto of the Hyperborean Shift
 38166 | Vaults:3 | Learned a level 2 spell: Wereblood
 38313 | Vaults:3 | Found Jasi's Weapon Shoppe.
 38341 | Vaults:3 | Reached skill level 16 in Maces & Flails
 38616 | Vaults:3 | Found a staircase to the Crypt.
 39121 | Vaults:4 | Gained mutation: You punish those that try to bend your
                  | will. (Will+) [demonic ancestry]
 39121 | Vaults:4 | Reached XP level 20. HP: 158/158 MP: 10/23
 39906 | Vaults:4 | Noticed Mara
 39910 | Vaults:4 | Reached skill level 17 in Maces & Flails
 39912 | Vaults:4 | Killed Mara
 40799 | Depths:1 | Entered Level 1 of the Depths
 40874 | Depths:1 | Found a one-way gate to the infinite horrors of the Abyss.
 41088 | Depths:1 | Reached skill level 18 in Maces & Flails
 41256 | Depths:1 | Found a transporter.
 41263 | Depths:1 | Found a transporter.
 41264 | Depths:1 | Found a transporter.
 41283 | Depths:1 | Found a transporter.
 41407 | Depths:1 | Found a gateway to Hell.
 41725 | Depths:2 | Noticed Asterion
 41742 | Depths:1 | Killed Asterion
 41824 | Depths:2 | Reached skill level 19 in Maces & Flails
 42233 | Depths:2 | Found a one-way gateway to a ziggurat.
 42365 | Depths:2 | Found a hazy altar of Hepliaklqana.
 42371 | Depths:2 | Found a runed translucent door.
 42371 | Depths:2 | Noticed Kiwen's ghost (master GrEE)
 42506 | Depths:2 | Gained mutation: You are resistant to unholy torment.
                  | [demonic ancestry]
 42506 | Depths:2 | Reached XP level 21. HP: 122/155 MP: 11/24
 42776 | Depths:2 | Found a one-way gate leading to the halls of Pandemonium.
 43411 | Depths:3 | Reached skill level 20 in Maces & Flails
 43659 | Depths:3 | Found a transporter.
 43661 | Depths:3 | Noticed a caustic shrike
 43668 | Depths:3 | Noticed Futuid's ghost (veteran MfSu)
 43695 | Depths:3 | Found a transporter.
 43825 | Depths:3 | Noticed a golden dragon
 43926 | Depths:3 | Found Qioruih's Elemental Accessories.
 43959 | Depths:3 | Found a corrupted altar of Lugonu.
 44447 | Depths:4 | Entered Level 4 of the Depths
 44541 | Depths:4 | Noticed a golden dragon
 44567 | Depths:4 | Killed a golden dragon
 44568 | Depths:4 | Reached skill level 21 in Maces & Flails
 44786 | Depths:4 | Noticed Boris
 44946 | Depths:4 | Killed Boris
 45015 | Depths:4 | Noticed Tutea's ghost (adept TrMo)
 45035 | Depths:4 | Noticed an ancient lich
 45098 | Depths:4 | Paralysed by a floating eye for 3 turns
 45147 | Depths:4 | Found a transporter.
 45491 | Depths:4 | Found a gate to the Realm of Zot.
 45655 | Depths:4 | Found a transporter.
 45773 | Depths:4 | Noticed a dread lich
 46055 | Crypt:1  | Entered Level 1 of the Crypt
 46055 | Crypt:1  | Noticed Khufu
 46055 | Crypt:1  | Noticed a royal mummy
 46055 | Crypt:1  | Noticed a royal mummy
 46055 | Crypt:1  | Noticed a royal mummy
 46060 | Crypt:1  | Killed a royal mummy
 46075 | Vaults:3 | Killed Khufu
 46076 | Vaults:3 | Reached skill level 22 in Maces & Flails
 46238 | Vaults:3 | Killed a royal mummy
 46509 | Crypt:1  | Killed a royal mummy
 46642 | Crypt:1  | Identified the +4 plate armour of Wusol {rElec}
 46746 | Crypt:1  | Reached XP level 22. HP: 145/171 MP: 11/25
 47262 | Crypt:1  | Identified the ring of Ynguga {Ice rN+ Int+3}
 47262 | Crypt:1  | Noticed Josephina
 47288 | Crypt:1  | Killed Josephina
 47922 | Crypt:2  | Noticed Margery
 47924 | Crypt:2  | Reached skill level 23 in Maces & Flails
 47931 | Crypt:2  | Killed Margery
 47944 | Crypt:2  | Noticed Xtahua
 47972 | Crypt:2  | Killed Xtahua
 48739 | Crypt:3  | Entered Level 3 of the Crypt
 49054 | Crypt:3  | Reached skill level 24 in Maces & Flails
 49527 | Crypt:3  | Identified the +7 rapier of Intuition {venom, Str+2}
 49681 | Crypt:3  | Noticed a curse toe
 49688 | Crypt:3  | Killed a curse toe
 49700 | Crypt:3  | Found a basalt altar of Yredelemnul.
 49700 | Crypt:3  | Noticed a dread lich
 49702 | Crypt:3  | Found an ancient bone altar of Kikubaaqudgha.
 49707 | Crypt:3  | Killed a dread lich
 49726 | Crypt:3  | Got Cigotuvi's Papyrus of Black Secrets
 49727 | Crypt:3  | Identified the amulet "Zed Ropi" {Spirit rF+ rN+ MP-9
                  | Int+3}
 49729 | Crypt:3  | Identified the +1 robe of the Land of Plenty {rElec Str+2}
 49930 | Crypt:3  | Found a staircase to the Tomb.
 50119 | Vaults:5 | Entered Level 5 of the Vaults
 50121 | Vaults:5 | Reached skill level 25 in Maces & Flails
 50124 | Vaults:5 | Reached XP level 23. HP: 149/173 MP: 3/26
 50465 | Vaults:5 | Noticed a dread lich
 50479 | Vaults:5 | Killed a dread lich
 50503 | Vaults:5 | Found Naafan's Antique Armour Shoppe.
 50694 | Vaults:5 | Reached skill level 26 in Maces & Flails
 50965 | Vaults:5 | Noticed a dread lich
 50977 | Vaults:5 | Killed a dread lich
 50983 | Vaults:5 | Noticed a dread lich
 51011 | Vaults:5 | Killed a dread lich
 51061 | Vaults:5 | Found Xotoax's Jewellery Shoppe.
 51248 | Vaults:5 | Got a silver rune of Zot
 51646 | Vaults:5 | Found Bouggoxo's Magic Scroll Shoppe.
 51651 | Vaults:5 | Bought a scroll of summoning for 123 gold pieces
 51723 | Vaults:5 | Found Dapur's Magic Scroll Emporium.
 51728 | Vaults:5 | Bought a scroll of enchant weapon for 97 gold pieces
 51728 | Vaults:5 | Bought a scroll of fog for 52 gold pieces
 51728 | Vaults:5 | Bought a scroll of fog for 52 gold pieces
 51740 | Vaults:5 | Found Gezim's Distillery.
 51745 | Vaults:5 | Bought a potion of might for 72 gold pieces
 51745 | Vaults:5 | Bought a potion of mutation for 144 gold pieces
 51745 | Vaults:5 | Bought a potion of haste for 180 gold pieces
 51879 | Vaults:5 | Found Jyzafimo's Distillery.
 51883 | Vaults:5 | Bought a potion of ambrosia for 104 gold pieces
 51883 | Vaults:5 | Bought a potion of mutation for 104 gold pieces
 51883 | Vaults:5 | Bought a potion of resistance for 130 gold pieces
 51883 | Vaults:5 | Bought 2 potions of mutation for 208 gold pieces
 51883 | Vaults:5 | Bought a potion of cancellation for 104 gold pieces
 51883 | Vaults:5 | Bought a potion of might for 52 gold pieces
 52260 | Zot:1    | Entered Level 1 of the Realm of Zot
 52323 | Zot:3    | Noticed an orb of fire
 52384 | Zot:3    | Noticed a Killer Klown
 52392 | Zot:3    | Killed an orb of fire
 52412 | Zot:3    | Killed a Killer Klown
 52419 | Zot:3    | Reached skill level 27 in Maces & Flails
 52555 | Zot:4    | Noticed Parghit
 53162 | Zot:5    | Entered Level 5 of the Realm of Zot
 53801 | Zot:5    | Identified the +10 plate armour of the Butcher {Str+4}
 53997 | Zot:5    | Noticed a Killer Klown
 54014 | Zot:5    | Killed a Killer Klown
 54269 | Zot:5    | Noticed an orb of fire
 54298 | Zot:5    | Killed an orb of fire
 54299 | Zot:5    | Reached XP level 24. HP: 137/187 MP: 8/26
 54506 | Zot:5    | Noticed an ancient lich
 54538 | Zot:5    | Killed an ancient lich
 54700 | Zot:5    | Noticed a Killer Klown
 54722 | Zot:5    | Killed a Killer Klown
 54818 | Zot:5    | Noticed a dread lich
 54866 | Zot:5    | Killed a dread lich
 55063 | Zot:5    | Noticed an ancient lich
 55083 | Zot:5    | Killed an ancient lich
 55170 | Zot:5    | Noticed an orb of fire
 55171 | Zot:5    | Noticed a dread lich
 55193 | Zot:5    | Killed an orb of fire
 55204 | Zot:5    | Killed a dread lich
 55278 | Zot:5    | Noticed a Killer Klown
 55290 | Zot:5    | Killed a Killer Klown
 55409 | Zot:5    | Noticed an ancient lich
 55432 | Zot:5    | Killed an ancient lich
 55532 | Zot:5    | Got the Orb of Zot
 55554 | Zot:5    | Noticed a dread lich
 55563 | Zot:5    | Killed a dread lich
 55585 | Zot:5    | Noticed a seraph
 55605 | Zot:3    | Noticed Loitzia the pandemonium lord
 55665 | Zot:3    | Killed Loitzia the pandemonium lord
 55830 | Depths:1 | Noticed Mifiypa the pandemonium lord
 56096 | D:3      | Noticed Terghi Veoh the pandemonium lord
 56139 | D:$      | Escaped with the Orb!

Illustrated notes

Levels and vault maps discovered:
D:1:      wander_arrival_lonely_grave, layout_loops_ring, serial_shops,
          nicolae_shop_advertising_works [nicolae_subvault_shop_adworks],
          item_on_display_a
D:2:      layout_loops_ring, basic_altar
D:3:      layout_rooms, gup_sewer_entry_bubbles, serial_shops,
          nicolae_shop_statue_plus
D:4:      layout_gridville, cheibrodos_gnoll_hut, uniq_edmund, uniq_robin,
          uniq_ijyb, uniq_menkaure
D:5:      layout_gridville
D:6:      layout_basic, mainiacjoe_overflow_two_lobes,
          minmay_temple_entry_mini_moons, serial_park_tiny_2
D:7:      layout_basic, st_stairs_6, nicolae_shop_fire_sale
          [nicolae_sub_dead_trees]
D:8:      layout_rooms, mainiacjoe_overflow_large_starburst, uniq_pikel,
          uniq_psyche
D:9:      layout_cave_pools, lair_entry_dummy, uniq_joseph, uniq_erica
D:10:     lemuel_ice_statue, layout_cave_pools, tgw_xom
D:11:     layout_roguey
D:12:     layout_basic, grunt_ministairs_13, minivault_25_ag
D:13:     layout_loops_ring, david_vaults_4
D:14:     layout_long_grid, fiery_altar_vehumet, minmay_more_statues,
          uniq_nessos
D:15:     grunt_enter_depths_hoard, layout_basic, nemelex_spade_bored_becter,
          uniq_jorgrun
Temple:   hellmonk_temple_divided_pantheon
Lair:1:   layout_roguey, basic_altar
Lair:2:   layout_regular_city, swamp_mist_pool, serial_bayou_shore_b,
          lemuel_fruit_fields, infiniplex_staircase_pool
Lair:3:   layout_loops_ring, minmay_snake_entry_guardpost_medium
Lair:4:   layout_roguey, minmay_slime_entry_pillars, gauntlet_entry_generic
Lair:5:   due_jungle_book, layout_big_grid
Swamp:1:  layout_falls_marsh, evilmike_swamp_ruin_house_2, swamp_pool1,
          nicolae_swamp_alligator_family, infiniplex_staircase_pool_2
Swamp:2:  layout_basic_swamp, hangedman_swamp_blocks, nzn_swamp_stair_ambush
Swamp:3:  layout_basic_swamp, nicolae_swamp_rocky_clearing
Swamp:4:  swamp, layout_basic_swamp, swamp_pool1, uniq_donald
Snake:1:  layout_cave_shapes, nicolae_snake_horde_hoard, uniq_agnes,
          uniq_roxanne, uniq_frances, uniq_kirke, uniq_aizul
Snake:2:  layout_basic, grunt_megastairs_4
Snake:3:  layout_misc_corridors, st_stairs_9, serial_bayou_shore_b, uniq_nikola
Snake:4:  minmay_snake_end_coiled, layout_layer_cave, grunt_ministairs_5,
          guppyfry_library_mini
Orc:1:    layout_diamond_mine
Orc:2:    st_orc_congregation, layout_diamond_mine
Elf:1:    layout_gridlike, serial_shops, nicolae_shop_trees,
          hangedman_corner_corridor, roderic_lattice_octagonal_star, uniq_azrael
Elf:2:    elven_hall_of_blades_hangedman_original
          [nicolae_blade_entry_hurt_lockers], layout_geoelf_grid
Elf:3:    minmay_elf_hall_hex, layout_onion_city, wad_dig_loot,
          minmay_shoptagon, uniq_zenata
Vaults:1: nicolae_vaults_ninety_degrees, nicolae_vaults_specimen_jars,
          v_rooms_5, hangedman_vaults_restitches, dpeg_vaults_monster_box,
          v_misc_25, v_misc_28, v_misc_1, layout_vaults_omnigrid
Vaults:2: mu_enter_wizlab_6, nicolae_vaults_sealed_display,
          nicolae_vaults_diagonal_hallway_9, nicolae_vaults_shelves_hall,
          vaults_room_door_ring, v_rooms_4, vaults_room_grid,
          hangedman_vaults_capsules, v_misc_27, layout_vaults_chaotic_city,
          serial_shops, nicolae_shop_statue_plus
Vaults:3: nicolae_vaults_inception_statues, blue_anna_dwarven_crypt,
          ontoclasm_vaults_loading_screen, nicolae_vaults_three_branches,
          grunt_vaults_twisty, ontoclasm_vaults_ring_small, v_pattern_5,
          vaults_dpeg_diagonal, nicolae_vaults_network_quinsquares
          [nicolae_vaults_network_quincunx_subvault,
          nicolae_vaults_network_quincunx_subvault,
          nicolae_vaults_network_quincunx_subvault,
          nicolae_vaults_network_quincunx_subvault], v_misc_31,
          hangedman_vaults_river_flow, ontoclasm_vaults_gateway,
          nicolae_vaults_minivaults, layout_vaults_big_cross, serial_shops,
          nicolae_shop_window_shopping, uniq_jory
Vaults:4: hangedman_vaults_trim, v_misc_3, vaults_room_door_ring, v_misc_28,
          vaults_mumra_hex, v_misc_1, v_rooms_2, v_alt_pattern_1, v_misc_8,
          nicolae_vaults_holding_cells, vaults_room_large_hall,
          vaults_room_pool, layout_vaults_ring, uniq_mara
Vaults:5: serial_shops
Crypt:1:  layout_chaotic_city, grunt_megastairs_3, uniq_josephina, uniq_khufu
Crypt:2:  layout_misc_corridors, tombwall_bobbens, uniq_xtahua, uniq_margery
Crypt:3:  lightli_unholy_cathedral, layout_chaotic_city,
          nicolae_tomb_entry_unfolded_pyramid_orthogonal
Depths:1: layout_forbidden_donut, abyss_entry, hellmouth_3, serial_bayou_ford_a,
          st_stairs_3, hangedman_abyss_or_decor_passed,
          nicolae_transporter_circle
Depths:2: hangedman_arrow_trap, layout_cave_pools, enter_ziggurat_d,
          grunt_hell_entry_dis_grunt, rand_demon_pan_entry_9, special_room
          [special_room_mythical_zoo], hangedman_abyss_or_decor_stabs,
          hellmonk_ghost_happy_afterlife, nzn_hepliaklqana_mist_gate,
          uniq_asterion
Depths:3: minmay_glassy_protrusions, layout_gridlike, pan_entry,
          abyss_entry_flame_altar, gammafunk_ghost_berserking_beasts,
          pf_hell_entry_tar_spiral, nicolae_elemental_shop, grunt_ministairs_9,
          kennysheep_potato, infiniplex_staircase_river
Depths:4: evilmike_zot_entry_diamond, layout_long_grid,
          gammafunk_ghost_abyssal_escape, abyss_entry, hangedman_coc_ice_floe,
          pan_entry, wad_floor_pattern_untrapped, uniq_boris
Zot:1:    dreamdust_black_sun_cult, layout_onion_interference
Zot:2:    layout_concentric_octagons
Zot:3:    layout_basic, lemuel_baited_zot_trap, grunt_megastairs_1
Zot:4:    layout_twisted_circle, uniq_parghit
Zot:5:    layout_misc_corridors

Skill      XL: |  1  2  3  4  5  6  7  8  9 10 11 12 13 14 15 16 17 18 19 20 21 22 23 24 |
---------------+-------------------------------------------------------------------------+-----
Polearms       | 2 3 4 5 7 9 |  9.4
Armour         | 3 4 5 7 8 9 12 14 15 16 18 19 | 19.0
Shields        | 3 4 |  4.0
Fighting       | 4 5 6 7 8 10 13 15 17 19 20 21 23 | 23.6
Maces & Flails | 8 10 11 12 13 14 16 19 22 25 27 | 27.0
Dodging        | 3 8 10 11 12 14 16 18 19 | 19.0
Spellcasting   | 2 |  2.0

Action                     |  1- 3 |  4- 6 |  7- 9 | 10-12 | 13-15 | 16-18 | 19-21 | 22-24 || total
---------------------------+-------+-------+-------+-------+-------+-------+-------+-------++-------
  Melee: Trident           |   149 |   219 |   352 |    68 |       |       |       |       ||   788
         Whip              |       |       |       |   786 |  1309 |       |       |       ||  2095
         Touch             |       |       |       |   210 |   431 |   411 |   553 |   479 ||  2084
         Punch             |       |       |       |    10 |    32 |    26 |    62 |    38 ||   168
         Demon whip        |       |       |       |       |   596 |  1858 |  2153 |  2046 ||  6653
  Throw: Dart              |       |       |       |     9 |     2 |     1 |       |       ||    12
         Throwing net      |       |       |       |       |     1 |     1 |       |       ||     2
 Invoke: Sacrifice Words   |       |       |     1 |       |       |       |       |       ||     1
         Sacrifice Health  |       |       |       |     1 |       |       |       |       ||     1
         Draw Out Power    |       |       |       |     7 |     7 |     3 |     3 |     9 ||    29
         Sacrifice Arcana  |       |       |       |     1 |       |       |       |       ||     1
         Sacrifice Experie |       |       |       |     1 |       |       |       |       ||     1
         Apocalypse        |       |       |       |       |     7 |     6 |     9 |     7 ||    29
         Power Leap        |       |       |       |       |     2 |       |       |       ||     2
         Reject Sacrifices |       |       |       |       |     1 |       |       |       ||     1
         Sacrifice Stealth |       |       |       |       |     1 |       |       |       ||     1
  Evoke: Wand              |       |       |     7 |     7 |     8 |       |     1 |     3 ||    26
         Phial of floods   |       |       |       |       |     1 |       |       |       ||     1
         Phantom mirror    |       |       |       |       |       |     1 |       |     1 ||     2
    Use: Scroll            |     4 |     6 |    10 |    11 |     7 |     7 |    15 |    19 ||    79
         Potion            |       |     5 |     2 |     2 |    10 |       |     2 |     6 ||    27
   Stab: Paralysed         |       |       |     4 |     3 |    41 |    10 |    35 |    22 ||   115
         Sleeping          |       |       |     1 |       |       |       |       |       ||     1
         Confused          |       |       |     1 |       |       |       |       |       ||     1
         Invisible         |       |       |       |     4 |    18 |     5 |    12 |    22 ||    61
         Petrified         |       |       |       |    16 |       |       |       |       ||    16
         Distracted        |       |       |       |     4 |     6 |    13 |    12 |    19 ||    54
         Petrifying        |       |       |       |     1 |       |       |       |       ||     1
 Armour: Scale mail        |    68 |       |       |       |       |       |       |       ||    68
         Troll leather arm |     9 |   103 |    95 |   265 |   244 |       |       |       ||   716
         Plate armour      |       |       |       |       |   190 |   533 |   577 |       ||  1300
         Skin              |       |       |       |       |       |     1 |       |       ||     1
         Gold dragon scale |       |       |       |       |       |       |   176 |   845 ||  1021
  Dodge: Dodged            |    66 |   137 |   113 |   410 |   820 |   527 |   710 |   564 ||  3347
  Block: Buckler           |    34 |    61 |    83 |    20 |       |       |       |       ||   198

Table legend: (Time is in decaauts)
 A = Elapsed time spent in this place.
 B = Non-inter-level travel time spent in this place.
 C = Inter-level travel time spent in this place.
 D = Time resting spent in this place.
 E = Time spent auto-exploring this place.
 F = Levels seen in this place.
 G = Mean time per level.
                   A        B        C        D        E       F      G
               +--------+--------+--------+--------+--------+-----+--------+
         Total |  51988 |  47362 |   4626 |   6571 |  26835 |  54 |  962.7 |
       Dungeon |  13678 |  11596 |   2082 |    592 |   8008 |  15 |  911.9 |
        Temple |     71 |     68 |      3 |      0 |      6 |   1 |   71.0 |
          Lair |   5424 |   4887 |    537 |    669 |   2804 |   5 | 1084.8 |
         Swamp |   2288 |   2175 |    113 |    140 |   1392 |   4 |  572.0 |
     Snake Pit |   5171 |   4885 |    286 |    400 |   3148 |   4 | 1292.8 |
  Orcish Mines |   1807 |   1642 |    165 |    235 |    726 |   2 |  903.5 |
   Elven Halls |   3287 |   3021 |    266 |    328 |   1839 |   3 | 1095.7 |
        Vaults |   7712 |   7067 |    645 |    898 |   4352 |   5 | 1542.4 |
         Crypt |   3125 |   3012 |    113 |    371 |   1643 |   3 | 1041.7 |
        Depths |   4931 |   4559 |    372 |   1031 |   2384 |   4 | 1232.8 |
           Zot |   3141 |   3101 |     40 |   1650 |    247 |   5 |  628.2 |
         Sewer |     95 |     95 |      0 |      0 |     31 |   1 |   95.0 |
        Wizlab |    655 |    655 |      0 |     96 |    151 |   1 |  655.0 |
      Gauntlet |    598 |    598 |      0 |    160 |    104 |   1 |  598.0 |
               +--------+--------+--------+--------+--------+-----+--------+

Top non-repeatable levels by time:
   Zot:5: 2181 daAuts
 Snake:4: 1934 daAuts
   Elf:3: 1770 daAuts
Vaults:3: 1689 daAuts
Vaults:4: 1680 daAuts
Depths:3: 1543 daAuts
Vaults:2: 1521 daAuts
Vaults:1: 1486 daAuts
  Lair:2: 1404 daAuts
 Snake:1: 1346 daAuts
  Lair:5: 1345 daAuts
Vaults:5: 1333 daAuts
    D:14: 1306 daAuts
Depths:1: 1194 daAuts
 Crypt:1: 1181 daAuts
